 Dungeon Crawl Stone Soup version 0.31-a0-1074-g0b22e4e0f1 (webtiles) character file.

Game seed: 9126498726808027554

1706398 grandjackal the Conqueror (level 26, 242/242 HPs)
             Began as a Demonspawn Gladiator on Nov 28, 2023.
             Was the Champion of Okawaru.
             Escaped with the Orb
             ... and 3 runes!
             The game lasted 02:09:40 (65817 turns).

grandjackal the Conqueror (Demonspawn Gladiator)   Turns: 65817, Time: 02:09:41

Health: 242/242    AC: 38    Str: 11 (12) XL:     26   Next: 23%
Magic:  32/32      EV: 20    Int: 15      God:    Okawaru [******]
Gold:   6641       SH: 24    Dex: 29      Spells: 23/25 levels left

rFire   + . .        R - +9 double sword (heavy)
rCold   + + +        n - +3 kite shield of Vanity {Regen+ Slay+3}
rNeg    + + .        r - +2 pearl dragon scales "Jumiolor" {Rampage rF++ rN+ Dex+5}
rPois   +            (helmet unavailable)
rElec   +            c - +4 dragonskin cloak
rCorr   .            T - +3 pair of gauntlets of War {Slay+5}
SInv    .            B - +2 pair of boots
Will    ++++.        U - amulet of reflection
Stlth   +            I - ring of Ofiumu {Drain rC+ rN+ Will++}
HPRegen 1.40/turn    k - ring "Nosteol" {rElec rPois rC+++ Str-4 Int+6}
MPRegen 0.23/turn

%: reflection, rampage
@: no status effects
A: horns 3, icy blue scales 3, powered by pain 2, spiny 3, black mark,
bedeviling, aura of silence, hooves 1, camouflage 1, deterioration 2, dopey 1,
low MP 1, strong-willed 1, screaming 1, cold vulnerability 1, heat vulnerability
1, subdued magic 1
0: Orb of Zot
}: 3/15 runes: decaying, abyssal, gossamer
a: Renounce Religion, Heroism, Finesse, Duel


You escaped.
You worshipped Okawaru.
Okawaru was exalted by your worship.
You visited 10 branches of the dungeon, and saw 49 of its levels.
You visited the Abyss 4 times.
You also visited: Gauntlet and Ice Cave.

You collected 9930 gold pieces.
You spent 3289 gold pieces at shops.

Inventory:

Hand Weapons
 F - the +8 longbow "Zephyr" {speed, Dex+3 SInv}
   (You found it on level 1 of the Depths)

   Dex+3:     It affects your dexterity (+3).
   SInv:      It lets you see invisible.
 R - a +9 heavy double sword (weapon)
Missiles
 a - 41 silver javelins
 d - 6 throwing nets
 e - 14 javelins
 s - 66 boomerangs (quivered)
 K - 13 darts of dispersal
 Z - 24 curare-tipped darts
Armour
 c - the +4 dragonskin cloak (worn)
   (You took it off Tiamat on level 1 of the Realm of Zot)

   Avatar's Aegis: It grants the wearer a chance to resist fire, cold, poison,
   electricity, acid, and negative energy.
 n - the +3 kite shield of Vanity (worn) {Regen+ Slay+3}
   (Okawaru gifted it to you on level 3 of the Spider Nest)

   Slay+3:    It affects your accuracy & damage with ranged weapons and melee
   (+3).
   Regen+:    It increases your rate of health regeneration.
 r - the +2 pearl dragon scales "Jumiolor" (worn) {Rampage rF++ rN+ Dex+5}
   (You bought it in a shop on level 13 of the Dungeon)

   Dex+5:     It affects your dexterity (+5).
   rF++:      It greatly protects you from fire.
   rN+:       It protects you from negative energy.
   Rampage:   It bestows one free step when moving towards enemies.
 B - a +2 pair of boots (worn)
 T - the +3 pair of gauntlets of War (worn) {Slay+5}
   (You acquired it on level 4 of the Vaults)

   Slay+5:    It affects your accuracy & damage with ranged weapons and melee
   (+5).
Jewellery
 j - the ring "Viubib" {+Blink rN+ Str+6 Int-3 Slay+2}
   (You found it on level 3 of the Crypt)

   [ring of positive energy]

   Str+6:     It affects your strength (+6).
   Int-3:     It affects your intelligence (-3).
   Slay+2:    It affects your accuracy & damage with ranged weapons and melee
   (+2).
   rN+:       It protects you from negative energy.
   +Blink:    It lets you blink.
 k - the ring "Nosteol" (right hand) {rElec rPois rC+++ Str-4 Int+6}
   (You acquired it on level 3 of the Spider Nest)

   [ring of intelligence]

   Str-4:     It affects your strength (-4).
   Int+6:     It affects your intelligence (+6).
   rC+++:     It renders you almost immune to cold.
   rElec:     It insulates you from electricity.
   rPois:     It protects you from poison
 w - the ring "Qodd" {rPois rF++ rN+ Str-4}
   (You found it on level 3 of the Crypt)

   [ring of positive energy]

   Str-4:     It affects your strength (-4).
   rF++:      It greatly protects you from fire.
   rPois:     It protects you from poison rN+: It protects you from negative
   energy.
 D - the ring of Molosa {rElec rN+ Str+2 Dex+3 SInv}
   (You found it on level 3 of the Crypt)

   [ring of positive energy]

   Str+2:     It affects your strength (+2).
   Dex+3:     It affects your dexterity (+3).
   rElec:     It insulates you from electricity.
   rN+:       It protects you from negative energy.
   SInv:      It lets you see invisible.
 G - a ring of protection from cold
 I - the ring of Ofiumu (left hand) {Drain rC+ rN+ Will++}
   (You found it on level 3 of the Elven Halls)

   [ring of positive energy]

   rC+:       It protects you from cold.
   rN+:       It protects you from negative energy.
   Will++:    It greatly increases your willpower.
   Drain:     It drains your maximum health when unequipped.
 S - a ring of resist corrosion
 U - an amulet of reflection (around neck)
 Y - a ring of protection from fire
Wands
 A - a wand of roots (29)
 M - a wand of light (3)
 N - a wand of digging (10)
 V - a wand of paralysis (17)
Scrolls
 f - 4 scrolls of fog
 h - a scroll of revelation
 i - 20 scrolls of teleportation
 m - 8 scrolls of vulnerability
 o - 9 scrolls of immolation
 t - 7 scrolls of enchant armour
 v - 6 scrolls of blinking
 x - 3 scrolls of fear
 y - 4 scrolls of torment
 L - 2 scrolls of silence
 X - 8 scrolls of poison
Potions
 b - 5 potions of invisibility
 g - 4 potions of magic
 l - 7 potions of mutation
 p - 17 potions of curing
 q - 10 potions of brilliance
 u - 15 potions of might
 z - a potion of berserk rage
 C - 6 potions of resistance
 E - 3 potions of heal wounds
 H - 2 potions of cancellation
 J - 4 potions of ambrosia
 O - 8 potions of haste
 P - 7 potions of attraction
 Q - 5 potions of enlightenment
 W - 10 potions of lignification


   Skills:
 O Level 27 Fighting
 - Level 16.0 Long Blades
 - Level 14.1 Throwing
 + Level 17.2 Armour
 + Level 17.4 Dodging
 - Level 15.0 Shields
 - Level 18.0 Invocations
 - Level 15.0 Evocations


You had 23 spell levels left.
You knew the following spells:

 Your Spells              Type           Power      Damage    Failure   Level
a - Blink                 Tloc           0%         N/A       96%         2

Your spell library contained the following spells:

 Spells                   Type           Power      Damage    Failure   Level
 Apportation              Tloc           0%         N/A       89%         1
 Foxfire                  Conj/Fire      0%         2x1d4     89%         1
 Freeze                   Ice            0%         1d3       89%         1
 Necrotise                Necr           0%         1d4       89%         1
 Shock                    Conj/Air       0%         1d3       89%         1
 Slow                     Hex            0%         N/A       89%         1
 Sting                    Tmut/Pois      0%         1d3       89%         1
 Cigotuvi's Dreadful Rot  Necr/Pois/Air  0%         N/A       96%         2
 Ensorcelled Hibernation  Hex/Ice        0%         N/A       96%         2
 Jinxbite                 Hex            0%         N/A       96%         2
 Lesser Beckoning         Tloc           0%         N/A       96%         2
 Momentum Strike          Conj/Tloc      0%         3d8       96%         2
 Scorch                   Fire           0%         2d5       96%         2
 Confusing Touch          Hex            0%         N/A       99%         3
 Dazzling Flash           Conj/Hex       0%         N/A       99%         3
 Frozen Ramparts          Ice            0%         1d1       99%         3
 Gell's Gravitas          Tloc           0%         N/A       99%         3
 Hailstorm                Conj/Ice       0%         3d3       99%         3
 Ignite Poison            Fire/Tmut/Pois 0%         N/A       99%         3
 Mephitic Cloud           Conj/Pois/Air  0%         N/A       99%         3
 Ozocubu's Armour         Ice            0%         N/A       99%         3
 Sigil of Binding         Hex            0%         N/A       99%         3
 Swiftness                Air            0%         N/A       99%         3
 Teleport Other           Tloc           0%         N/A       99%         3
 Vampiric Draining        Necr           0%         2d6       99%         3
 Volatile Blastmotes      Fire/Tloc      0%         2d10      99%         3
 Airstrike                Air            0%         2d(0-16)  100%        4
 Anguish                  Hex/Necr       0%         N/A       100%        4
 Cause Fear               Hex            0%         N/A       100%        4
 Dimensional Bullseye     Hex/Tloc       0%         N/A       100%        4
 Dispel Undead            Necr           0%         3d6       100%        4
 Flame Wave               Conj/Fire      0%         2d4       100%        4
 Fulminant Prism          Conj/Hex       0%         3d5       100%        4
 Iskenderun's Mystic Bla  Conj/Tloc      0%         2d3       100%        4
 Leda's Liquefaction      Hex/Erth       0%         N/A       100%        4
 Manifold Assault         Tloc           0%         N/A       100%        4
 Olgreb's Toxic Radiance  Pois           0%         N/A       100%        4
 Passage of Golubria      Tloc           0%         N/A       100%        4
 Petrify                  Tmut/Erth      0%         N/A       100%        4
 Vhi's Electric Charge    Tloc/Air       0%         N/A       100%        4
 Agony                    Necr           0%         N/A       100%        5
 Alistair's Intoxication  Tmut/Pois      0%         N/A       100%        5
 Arcjolt                  Conj/Air       0%         1d10      100%        5
 Borgnjor's Vile Clutch   Necr/Erth      0%         N/A       100%        5
 Fireball                 Conj/Fire      0%         3d3       100%        5
 Freezing Cloud           Conj/Ice/Air   0%         6-21      100%        5
 Irradiate                Conj/Tmut      0%         3d11      100%        5
 Lee's Rapid Deconstruct  Erth           0%         3d4*      100%        5
 Metabolic Englaciation   Hex/Ice        0%         N/A       100%        5
 Silence                  Hex/Air        0%         N/A       100%        5
 Yara's Violent Unravell  Hex/Tmut       0%         3d3       100%        5
 Bombard                  Conj/Erth      0%         9d1       100%        6
 Conjure Ball Lightning   Conj/Air       0%         3x3d6     100%        6
 Dispersal                Tloc           0%         N/A       100%        6
 Eringya's Noxious Bog    Tmut/Pois      0%         4d6       100%        6
 Plasma Beam              Fire/Air       0%         2x1d10    100%        6
 Enfeeble                 Hex            0%         N/A       100%        7
 Orb of Destruction       Conj           0%         9d5       100%        7
 Ozocubu's Refrigeration  Ice            0%         4d7       100%        7
 Discord                  Hex            0%         N/A       100%        8
 Ignition                 Fire           0%         3d3       100%        8
 Chain Lightning          Conj/Air       0%         N/A       100%        9
 Polar Vortex             Ice            0%         N/A       100%        9
 Summon Small Mammal      Summ           Unusable   N/A       N/A         1
 Summon Guardian Golem    Hex/Summ       Unusable   N/A       N/A         3
 Tukima's Dance           Hex            Unusable   N/A       N/A         3
 Summon Ice Beast         Ice/Summ       Unusable   N/A       N/A         4
 Summon Forest            Summ/Tloc      Unusable   N/A       N/A         5
 Death Channel            Necr           Unusable   N/A       N/A         6
 Simulacrum               Ice/Necr       Unusable   N/A       N/A         6
 Summon Cactus Giant      Summ           Unusable   N/A       N/A         6
 Haunt                    Necr/Summ      Unusable   N/A       N/A         7
 Malign Gateway           Summ/Tloc      Unusable   N/A       N/A         7
 Spellforged Servitor     Conj/Summ      Unusable   N/A       N/A         7
 Dragon's Call            Summ           Unusable   N/A       N/A         9

Dungeon Overview and Level Annotations

Branches:
Dungeon (15/15)            Temple (0/1) D:7            Lair (5/5) D:10
  Swamp (4/4) Lair:2       Spider (4/4) Lair:3        Slime (0/5) Lair:5
    Orc (2/2) D:11            Elf (3/3) Orc:2        Vaults (4/5) D:13
  Crypt (3/3) Vaults:3       Tomb (0/3) Crypt:3      Depths (4/4) D:15
    Zot (5/5) Depths:4      IceCv (visited)         Gauntlet (visited)

Altars:
Ashenzari
Kikubaaqudgha
Makhleb
Nemelex Xobeh
Okawaru
Qazlal
Sif Muna
Trog
Uskayaw
Jiyva

Shops:
D:9 *   D:10 :   D:11 [   D:13 [   D:14 *   Orc:2 :=[=   Elf:2 *   Vaults:1 (
Vaults:2 ([*[=   Vaults:3 =   Depths:2 *

Portals:
Hell: Depths:1 Depths:2 Depths:3 Depths:4
Abyss: Depths:1 Depths:3
Pandemonium: Depths:2 Depths:4
Ziggurat: Depths:3
Trove: D:14 (give +5 fire dragon scales)

Annotations:
Lair:4 2 runed translucent doors, Uveod's ghost, journeyman FeEE
Lair:5 3 runed translucent doors, Ary Fyr's ghost, journeyman DjFE; Ewom's ghost, journeyman DEHW; Geyrauw's ghost, journeyman GnRe; Lemipp's ghost, journeyman DEHW; Xotso's ghost, journeyman VSMo
Spider:1 3 runed translucent doors, Anonymone's ghost, journeyman DsVM
Zot:1 1 runed translucent door, Dommouf's ghost, veteran OgBe


Innate Abilities, Weirdness & Mutations

You have a pair of large horns on your head.
You are completely covered in icy blue scales. (AC +4, rC+)
You sometimes gain power by taking damage.
You are completely covered in sharp spines.
Your melee attacks may debilitate your foes.
Your hexes are more powerful.
You are surrounded by an aura of silence.
You have large cloven feet.
Your skin changes colour to match your surroundings (Stealth+).
Your body often deteriorates upon taking damage.
You are dopey. (Int -2)
Your magical capacity is low. (-10% MP)
You are strong-willed. (Will+)
You occasionally shout uncontrollably at your foes.
You are vulnerable to cold. (rC-)
You are vulnerable to heat. (rF-)
Your spells are a little easier to cast, but a little less powerful.


Message History

You climb upwards.
There is a stone staircase leading down here.
There is a stone staircase leading up here.
You climb upwards.
There is a stone staircase leading down here.
There is a stone staircase leading up here.
You climb upwards.
There is a stone staircase leading down here.
There is a stone staircase leading up, spattered with blood here.
You climb upwards.
There is a stone staircase leading down here.
There is a stone staircase leading up here.
You climb upwards.
There is a stone staircase leading down here.
Aiming: Dig
Press: ? - help, Shift-Dir - straight line A rock wall.
This square is shrouded in silence and is covered in magical glow.
The rock shatters into small pieces.
A tormentor comes into view.
You rampage towards the tormentor!
You chop the tormentor into pieces!!!
You kill the tormentor!
Okawaru accepts your kill.
There is a stone staircase leading up here.
You climb upwards.
There is a stone staircase leading down here.
There is a stone staircase leading up here.
You climb upwards.
There is a stone staircase leading down here.
There is a stone staircase leading up here.
You climb upwards.
There is a stone staircase leading down here.
Aiming: Dig
Press: ? - help, Shift-Dir - straight line A rock wall.
This square is shrouded in silence and is covered in magical glow.
The rock shatters into small pieces.
There is an open door here.
There is a staircase leading out of the dungeon here.
You have escaped!

......# #.# #.....#.# ##
......##########+#########.#.####
......##..........[..............
......##.#.###########.#.#.######
####'###.##.#.......#.##.#.# #
#.# #.#.#.###'###.#.#.#.######
####.# #.#.#.#.....#.#.#.#.......
.....###.#.#.#.....#.#.#.###.####
####.'.'.#.#.+..@..+.#.#.'.'.# ##
...#####.#.#.#.....#.#.#.##### #.
##.# #.#.#.#.....#.#.#.# #. #.#
#.#.#.###+###.#.#.# #. #.#
#.##.#.......#.##.# #. #.#
#.#.###########.#.# #. #.#
#.................######## #.#
#########'#########....... #.#
#.#.......#.######


There were no monsters in sight!

Vanquished Creatures
  Tiamat (Zot:1)
  3 dread liches
  An ancient lich (Crypt:3)
  5 orbs of fire (Zot:5)
  Sojobo (Depths:4)
  Bai Suzhen (Depths:2)
  Vv (Depths:4)
  Saint Roka (Depths:4)
  3 curse toes
  5 Killer Klowns
  Margery (Depths:4)
  A caustic shrike (Depths:2)
  7 golden dragons
  2 bone dragons
  2 electric golems
  Arachne (Spider:2)
  Jorgrun (Orc:2)
  12 tentacled monstrosities
  An Ice Fiend (Zot:2)
  25 Orb Guardians
  9 liches
  2 deep elf master archers (Elf:3)
  2 deep elf blademasters (Elf:3)
  A Hell Sentinel (Abyss:4)
  5 quicksilver dragons
  A titan (Vaults:2)
  Asterion (Vaults:2)
  7 death cobs
  8 sphinxes
  Frances (Spider:2)
  Gastronok (D:8)
  9 tentacled starspawn
  2 Executioners
  An ancient champion (Crypt:1)
  11 shadow dragons
  10 draconian monks
  2 revenants
  2 thorn hunters
  3 tengu reavers
  Aizul (Swamp:2)
  16 storm dragons
  13 fire giants
  3 deep elf elementalists (Elf:3)
  3 deep elf sorcerers
  5 draconian scorchers
  Louise (Spider:4)
  6 vault wardens
  7 emperor scorpions
  3 draconian knights
  A caustic shrike zombie (Abyss:3)
  10 frost giants
  6 ghost moths
  7 draconian shifters
  11 ironbound preservers
  5 broodmothers
  3 orc warlords
  A curse skull (Crypt:3)
  12 ghouls
  2 draconian annihilators
  4 formless jellyfish
  A reaper (IceCv)
  A cacodemon (Zot:4)
  7 draconian stormcallers
  4 ironbound thunderhulks
  A spriggan defender (Depths:2)
  A juggernaut skeleton (Crypt:3)
  4 war gargoyles
  10 very ugly things
  13 stone giants
  4 black draconians
  2 lorocyprocas
  7 vampire knights
  A bunyip (shapeshifter) (Elf:1)
  6 deep elf demonologists (Elf:3)
  13 purple draconians
  5 yellow draconians
  5 eleionomae
  8 red draconians
  6 deep elf annihilators
  28 starcursed masses
  4 spark wasps
  4 bunyips
  9 white draconians
  A minotaur (Gauntlet)
  14 green draconians
  11 dire elephants
  13 deep elf death magi
  6 jiangshi
  7 eidola
  4 crystal guardians
  5 fire dragons
  6 ettins
  A green death (Abyss:4)
  2 deep elf high priests
  A merfolk impaler (Depths:1)
  A spriggan zombie (Crypt:3)
  10 yaktaur captains
  6 entropy weavers
  A merfolk javelineer (Depths:3)
  3 shambling mangroves
  Fannar (D:11)
  4 vault guards
  5 ice dragons
  5 great orbs of eyes
  5 ironbound frosthearts
  10 rakshasas
  An ogre mage (Vaults:2)
  3 peacekeepers
  3 spriggan air magi
  21 hydras
  3 ghost crabs
  11 centaur warriors
  2 boulder beetles
  8 alligators
  A spriggan skeleton (Crypt:3)
  A merfolk avatar (Lair:5)
  4 radroaches
  2 death knights
  5 two-headed ogres
  8 death yaks (Lair:4)
  11 deep troll shamans
  7 tengu warriors
  15 deep troll earth magi
  28 dancing weapons
  5 demonic crawlers
  6 vampire magi
  4 thrashing horrors (Abyss:3)
  21 deep elf knights
  2 occultists
  29 hell knights
  5 orc high priests
  8 spriggan berserkers
  A sun demon (Abyss:2)
  A soul eater (Crypt:1)
  7 iron trolls
  2 skysharks
  5 goliath frogs
  8 pharaoh ants
  4 skeletal warriors
  6 wretched stars
  7 sixfirhies
  A storm dragon skeleton (Crypt:3)
  11 flayed ghosts
  2 sea snakes
  6 orb spiders
  5 spriggan druids
  13 swamp dragons
  54 deep trolls
  6 bog bodies
  2 orange crystal statues
  A spectral hydra (Lair:2)
  4 glowing orange brains
  13 ironbound convokers
  7 arcanists
  4 necromancers
  A steelbarb worm (shapeshifter) (Elf:2)
  28 deep elf pyromancers
  15 phantasmal warriors
  7 deep elf archers
  12 lindwurms
  12 orc knights
  12 harpies
  28 wolf spiders
  3 spectral wolf spiders (Spider:3)
  5 wolf spider zombies (Spider:3)
  14 deep elf zephyrmancers
  2 steelbarb worms
  An anaconda skeleton (Crypt:3)
  8 orc sorcerers
  A worldbinder (Abyss:4)
  9 manticores
  An eleionoma zombie (Crypt:2)
  A manticore (shapeshifter) (D:14)
  6 will-o-the-wisps
  4 cyclopes
  A salamander (shapeshifter) (Elf:2)
  39 ugly things
  19 large abominations
  29 moths of wrath
  Joseph (D:8)
  A stone giant skeleton (Crypt:1)
  2 black mambas (shapeshifter)
  12 elephants
  A rust devil (Abyss:4)
  10 vault sentinels
  An iron dragon skeleton (Crypt:3)
  An ice statue (IceCv)
  5 black mambas
  A guardian serpent (Abyss:2)
  11 smoke demons
  An eye of devastation (shapeshifter) (D:15)
  4 gargoyles (Crypt:3)
  11 cane toads
  A centaur skeleton (Crypt:3)
  4 torpor snails
  2 pale draconian zombies (Crypt:1)
  3 orange demons
  6 rime drakes
  3 unseen horrors
  An anaconda simulacrum (IceCv)
  A yellow draconian zombie (Crypt:2)
  3 ice devils
  A hellion (Zot:2)
  10 ancient zymes
  3 kobold demonologists
  10 komodo dragons
  An orb spider zombie (Crypt:1)
  29 yaktaurs
  An iron troll zombie (Crypt:1)
  An alligator snapping turtle skeleton (Crypt:1)
  7 freezing wraiths
  3 tengu conjurers
  4 red devils
  A tormentor (D:4)
  6 meliai
  3 guardian mummies (Crypt:1)
  3 tyrant leeches
  8 polar bears
  7 trolls
  A bloated husk (Swamp:4)
  25 hornets
  A hellwing (Abyss:3)
  A wolf spider simulacrum (Spider:3)
  Prince Ribbit (D:6)
  A fire dragon zombie (Crypt:3)
  24 tarantellas
  22 raiju
  11 dream sheep
  17 blink frogs
  A glass eye (Depths:1)
  A snapping turtle (Lair:5)
  A moth of wrath zombie (Crypt:2)
  34 slime creatures
  20 jumping spiders
  10 culicivoras
  4 flying skulls (Crypt:1)
  An air elemental (Elf:3)
  6 shadows
  8 water elementals
  An ettin skeleton (Crypt:3)
  7 vampires
  36 yaks
  9 small abominations
  14 wraiths
  2 ynoxinuls
  3 dire elephant simulacra (IceCv)
  2 fire elementals
  7 spriggans
  A human (shapeshifter) (D:14)
  5 wyverns
  8 basilisks
  3 steam dragons
  Grum (D:8)
  A chaos spawn (Abyss:2)
  6 neqoxecs
  A wind drake skeleton (Crypt:1)
  25 vampire mosquitoes
  72 redbacks
  A harpy simulacrum (IceCv)
  2 spectral cane toads (Lair:2)
  16 swamp worms
  3 wargs
  2 naga zombies
  2 acid dragons
  4 hell hounds
  11 water moccasins
  2 hydra simulacra (IceCv)
  9 black bears
  3 sky beasts
  37 orc warriors
  An ice beast (shapeshifter) (D:15)
  A swamp dragon zombie (Crypt:1)
  8 swamp drakes
  An ice beast (D:6)
  8 ogres
  31 wolves
  8 boggarts
  A swamp dragon skeleton (Crypt:2)
  6 centaurs
  A rime drake zombie (Crypt:1)
  A komodo dragon zombie (Crypt:1)
  2 phantoms
  5 kobold brigands
  11 bullfrogs
  A spectral wyvern (Lair:2)
  4 necrophages (Crypt:2)
  An earth elemental (Elf:1)
  2 gnoll sergeants
  3 scorpions
  4 cane toad simulacra (IceCv)
  A two-headed ogre simulacrum (IceCv)
  A wyvern skeleton (Crypt:2)
  10 wights
  5 killer bees (D:11)
  5 electric eels
  15 howler monkeys
  A bullfrog zombie (Crypt:1)
  5 jellies
  A quasit (D:13)
  A basilisk zombie (Crypt:2)
  3 hounds
  3 human zombies (Crypt:1)
  26 orc priests
  2 gnoll boudas
  An iron imp (Abyss:3)
  A human skeleton (Crypt:1)
  3 sleepcaps
  2 iguanas (D:5)
  31 orc wizards
  A boggart zombie (Crypt:2)
  8 troll simulacra (IceCv)
  6 spriggan simulacra (IceCv)
  3 polar bear simulacra (IceCv)
  2 wolf simulacra (IceCv)
  2 naga skeletons
  3 mummies (Crypt:1)
  21 gnolls
  7 adders
  9 naga simulacra (IceCv)
  A swamp drake zombie (Crypt:1)
  2 shadow imps (D:5)
  11 white imps
  11 ufetubi
  A worm (D:2)
  4 dart slugs
  73 orcs
  5 bats
  13 endoplasms
  5 giant cockroaches
  9 goblins
  3 hobgoblins
  6 jackals (D:5)
  27 kobolds
  2 quokkas (D:1)
  12 ball pythons
  4 frilled lizards
  An orc skeleton (Crypt:1)
  7 rats
  A rat skeleton (Crypt:2)
  3 starspawn tentacles
2331 creatures vanquished.

Vanquished Creatures (others)
  A draconian knight (Zot:1)
  An eleionoma (Swamp:3)
  A hydra (Swamp:2)
  A deep elf knight (Elf:3)
  A bloated husk (Swamp:3)
  A small abomination (Abyss:3)
  A swamp worm (Swamp:4)
  An orc warrior (Depths:4)
  23 foxfires
  A lurking horror (Abyss:3)
  18 starspawn tentacles
50 creatures vanquished.

Grand Total: 2381 creatures vanquished

Notes
Turn   | Place    | Note
-------+----------+-------------------------------------------
     0 | D:1      | grandjackal the Demonspawn Gladiator began the quest for
                  | the Orb.
     0 | D:1      | Reached XP level 1. HP: 16/16 MP: 1/1
   122 | D:1      | Gained mutation: You are partially covered in sharp spines.
                  | [demonic ancestry]
   122 | D:1      | Reached XP level 2. HP: 18/22 MP: 2/2
   802 | D:2      | Gained mutation: You are partially covered in icy blue
                  | scales. (AC +2) [demonic ancestry]
   802 | D:2      | Reached XP level 3. HP: 28/28 MP: 3/3
   818 | D:2      | Found a faded altar of an unknown god.
  1404 | D:2      | Gained mutation: You sometimes gain a little power by
                  | taking damage. [demonic ancestry]
  1404 | D:2      | Reached XP level 4. HP: 34/34 MP: 4/4
  1601 | D:3      | Reached skill level 3 in Fighting
  1875 | D:3      | Found a hide-covered altar of Uskayaw.
  2116 | D:4      | Gained mutation: You have a pair of small horns on your
                  | head. [demonic ancestry]
  2116 | D:4      | Reached XP level 5. HP: 41/41 MP: 5/5
  2323 | D:4      | Found an iron altar of Okawaru.
  2332 | D:4      | Became a worshipper of Warmaster Okawaru
  2368 | D:4      | You fall into a shaft and drop 3 floors!
  2499 | D:5      | Entered Level 5 of the Dungeon
  2508 | D:6      | Reached skill level 4 in Fighting
  2508 | D:6      | Reached skill level 1 in Invocations
  2508 | D:6      | Gained mutation: You are mostly covered in icy blue scales.
                  | (AC +3) [demonic ancestry]
  2508 | D:6      | Reached XP level 6. HP: 29/48 MP: 5/7
  2666 | D:5      | Reached * piety under Okawaru
  2923 | D:4      | Reached XP level 7. HP: 42/55 MP: 7/9
  3725 | D:5      | Noticed a wraith
  3743 | D:5      | Killed a wraith
  3744 | D:5      | Reached skill level 5 in Fighting
  3744 | D:5      | Reached skill level 5 in Long Blades
  3744 | D:5      | Reached skill level 5 in Dodging
  3774 | D:5      | Found an ancient bone altar of Kikubaaqudgha.
  3929 | D:5      | Reached XP level 8. HP: 62/62 MP: 11/11
  3930 | D:5      | Reached ** piety under Okawaru
  4005 | D:5      | Reached skill level 5 in Invocations
  4548 | D:6      | Reached skill level 6 in Fighting
  5143 | D:6      | Reached skill level 1 in Shields
  5198 | D:6      | Reached *** piety under Okawaru
  5199 | D:6      | Reached XP level 9. HP: 50/70 MP: 13/13
  5386 | D:6      | Noticed Prince Ribbit
  5403 | D:6      | Killed Prince Ribbit
  5785 | D:7      | Found a sparkling altar of Nemelex Xobeh.
  6001 | D:7      | Found a burning altar of Makhleb.
  6370 | D:7      | Found a staircase to the Ecumenical Temple.
  6609 | D:8      | Reached skill level 7 in Fighting
  6628 | D:8      | Noticed Joseph
  6646 | D:8      | Killed Joseph
  6758 | D:8      | Noticed a troll
  6758 | D:8      | Noticed a brown ugly thing
  6759 | D:8      | Noticed a deep elf pyromancer
  6768 | D:8      | Killed a troll
  6768 | D:8      | Reached **** piety under Okawaru
  6768 | D:8      | Killed a brown ugly thing
  6768 | D:8      | Killed a deep elf pyromancer
  6768 | D:8      | Reached ***** piety under Okawaru
  6769 | D:8      | Gained mutation: You are completely covered in icy blue
                  | scales. (AC +4, rC+) [demonic ancestry]
  6769 | D:8      | Reached XP level 10. HP: 18/79 MP: 12/16
  7029 | D:8      | Noticed Grum
  7037 | D:8      | Killed Grum
  7382 | D:8      | Noticed Gastronok
  7403 | D:8      | Killed Gastronok
  7404 | D:8      | Reached skill level 8 in Fighting
  8277 | D:9      | Found a stormy altar of Qazlal.
  8595 | D:9      | Found Vuomawk's CLEARANCE SALE!.
  8601 | D:9      | Bought a scroll of enchant weapon for 45 gold pieces
  9096 | D:9      | Noticed an ice dragon
  9193 | D:9      | Killed an ice dragon
  9194 | D:9      | Reached skill level 10 in Invocations
  9194 | D:9      | Gained mutation: You have a pair of horns on your head.
                  | [demonic ancestry]
  9194 | D:9      | Reached XP level 11. HP: 66/87 MP: 18/18
  9490 | D:10     | Entered Level 10 of the Dungeon
  9632 | D:10     | Found Plog's Book Shop.
  9679 | D:10     | Found a staircase to the Lair.
  9865 | D:10     | Reached skill level 9 in Fighting
 10132 | D:10     | Noticed a two-headed ogre
 10138 | D:10     | Killed a two-headed ogre
 10138 | D:10     | Received a gift from Okawaru
 10435 | D:10     | Found a bloodstained altar of Trog.
 10574 | D:11     | Noticed a two-headed ogre
 10584 | D:11     | Killed a two-headed ogre
 10609 | D:11     | Noticed a centaur warrior
 10814 | D:11     | Killed a centaur warrior
 10858 | D:11     | Found Byuh's Antique Armour Shop.
 10867 | D:11     | Bought a pair of runed gloves for 247 gold pieces
 11498 | D:11     | Noticed Fannar
 11514 | D:11     | Killed Fannar
 11514 | D:11     | Received a gift from Okawaru
 11679 | D:11     | Noticed a two-headed ogre
 11688 | D:11     | Killed a two-headed ogre
 11689 | D:11     | Reached XP level 12. HP: 97/97 MP: 20/20
 11753 | D:11     | Reached skill level 10 in Fighting
 11786 | D:11     | Found a staircase to the Orcish Mines.
 12297 | D:12     | Found a frozen archway.
 12308 | D:12     | Received a gift from Okawaru
 12339 | IceCv    | Entered an ice cave
 13065 | IceCv    | Reached skill level 10 in Long Blades
 13133 | IceCv    | Noticed a reaper
 13160 | IceCv    | Reached skill level 10 in Dodging
 13165 | IceCv    | Killed a reaper
 13195 | IceCv    | Identified the ring of Temptation {Drain rPois Dex+6
                  | Stlth+}
 14036 | D:13     | Noticed a centaur warrior
 14049 | D:13     | Killed a centaur warrior
 14050 | D:13     | Reached skill level 11 in Fighting
 14176 | D:13     | Noticed a tengu warrior
 14189 | D:13     | Killed a tengu warrior
 14230 | D:13     | Noticed an ironbound preserver
 14246 | D:13     | Killed an ironbound preserver
 14571 | D:13     | Received a gift from Okawaru
 14572 | D:13     | Reached XP level 13. HP: 58/106 MP: 23/23
 14797 | D:13     | Found a gate to the Vaults.
 14930 | D:13     | Found El's Dragon-Slaying Spoils.
 15605 | D:14     | Found a portal to a secret trove of treasure.
 15652 | D:14     | Found Jeskah's Fire Supplies.
 16272 | D:14     | Received a gift from Okawaru
 17205 | D:15     | Entered Level 15 of the Dungeon
 17256 | D:15     | Reached skill level 12 in Fighting
 17256 | D:15     | Reached skill level 5 in Shields
 18028 | D:15     | Identified 2 scrolls of acquirement
 18514 | D:15     | Reached skill level 15 in Invocations
 18662 | D:15     | Received a gift from Okawaru
 18917 | D:15     | Noticed a brown very ugly thing
 18941 | D:15     | Reached XP level 14. HP: 72/116 MP: 18/25
 18951 | D:15     | Killed a white very ugly thing
 19151 | D:15     | Noticed a red very ugly thing
 19157 | D:15     | Killed a red very ugly thing
 19161 | D:15     | Found a staircase to the Depths.
 19608 | Lair:1   | Entered Level 1 of the Lair of Beasts
 19848 | Lair:1   | Gained mutation: You sometimes gain power by taking damage.
                  | [demonic ancestry]
 19848 | Lair:1   | Reached XP level 15. HP: 122/122 MP: 26/26
 21091 | Lair:2   | Identified the +8 mace "Jeno" {freeze, rC- Str+2 Stlth+}
 21206 | Lair:2   | Received a gift from Okawaru
 21433 | Lair:2   | Reached skill level 13 in Fighting
 21479 | Lair:2   | Found a staircase to the Swamp.
 22066 | Lair:3   | Found a hole to the Spider Nest.
 23049 | Lair:4   | Found a large runed translucent door.
 23050 | Lair:4   | Found a large runed translucent door.
 23053 | Lair:4   | Noticed Uveod's ghost (journeyman FeEE)
 23109 | Lair:4   | Found a sparkling altar of Nemelex Xobeh.
 23138 | Lair:4   | Found a gate leading to a gauntlet.
 23147 | Gauntlet | Entered a Gauntlet
 23147 | Gauntlet | Found a transporter.
 23157 | Gauntlet | Found a transporter.
 23159 | Gauntlet | Found a transporter.
 23159 | Gauntlet | Found a transporter.
 23183 | Gauntlet | Found a transporter.
 23198 | Gauntlet | Found a transporter.
 23207 | Gauntlet | Found a transporter.
 23213 | Gauntlet | Found a transporter.
 23238 | Gauntlet | Found a transporter.
 23247 | Gauntlet | Found a transporter.
 23259 | Gauntlet | Found a transporter.
 23271 | Gauntlet | Found a transporter.
 23279 | Gauntlet | Found a large runed translucent door.
 23280 | Gauntlet | Found a large runed translucent door.
 23281 | Gauntlet | Found a large runed translucent door.
 23281 | Gauntlet | Found a large runed translucent door.
 23282 | Gauntlet | Found a runed translucent gate.
 23283 | Gauntlet | Found a transporter.
 23283 | Gauntlet | Found a runed translucent gate.
 23284 | Gauntlet | Found a runed translucent gate.
 23285 | Gauntlet | Found a large runed translucent door.
 23285 | Gauntlet | Found a large runed translucent door.
 23286 | Gauntlet | Found a large runed translucent door.
 23287 | Gauntlet | Found a large runed translucent door.
 23295 | Gauntlet | Found a transporter.
 23312 | Gauntlet | Found a transporter.
 23325 | Gauntlet | Found a large runed translucent door.
 23326 | Gauntlet | Found a large runed translucent door.
 23327 | Gauntlet | Found a large runed translucent door.
 23327 | Gauntlet | Found a large runed translucent door.
 23328 | Gauntlet | Found a runed translucent door.
 23329 | Gauntlet | Found a transporter.
 23330 | Gauntlet | Found a runed translucent door.
 23331 | Gauntlet | Found a large runed translucent door.
 23331 | Gauntlet | Found a large runed translucent door.
 23331 | Gauntlet | Found a transporter.
 23332 | Gauntlet | Found a large runed translucent door.
 23333 | Gauntlet | Found a large runed translucent door.
 23440 | Gauntlet | Found a transporter.
 23562 | Gauntlet | Identified the +1 pair of boots of Fuanwid {rF+ rC- Regen+
                  | Str+2 Dex+3}
 23568 | Gauntlet | Identified the +6 lajatang of Arrival {flame, *Rage rN+
                  | Will+ Int+7}
 23606 | Gauntlet | Got the Guide on the Traveller
 23608 | Gauntlet | Identified the +4 ring mail of a Million Curses {Str+4}
 23608 | Gauntlet | Identified the +3 broad axe of Abuse {venom, rF++}
 23692 | Lair:4   | Identified the orb of the Bulwark {*Rage, rPois Will+
                  | Dex+3}
 23756 | Lair:4   | Received a gift from Okawaru
 24480 | Lair:5   | Entered Level 5 of the Lair of Beasts
 25014 | Lair:5   | Reached skill level 10 in Shields
 25140 | Lair:5   | Found a runed translucent gate.
 25140 | Lair:5   | Found a runed translucent gate.
 25140 | Lair:5   | Found a runed translucent gate.
 25141 | Lair:5   | Noticed Lemipp's ghost (journeyman DEHW)
 25141 | Lair:5   | Noticed Xotso's ghost (journeyman VSMo)
 25141 | Lair:5   | Noticed Geyrauw's ghost (journeyman GnRe)
 25141 | Lair:5   | Noticed Ewom's ghost (journeyman DEHW)
 25141 | Lair:5   | Noticed Ary Fyr's ghost (journeyman DjFE)
 25209 | Lair:5   | Gained mutation: You have a pair of large horns on your
                  | head. [demonic ancestry]
 25209 | Lair:5   | Reached XP level 16. HP: 64/132 MP: 26/28
 25484 | Lair:5   | Found a viscous altar of Jiyva.
 25498 | Lair:5   | Received a gift from Okawaru
 25591 | Lair:5   | Identified the +0 long sword of the Stopping Queen {vamp,
                  | Str+3}
 25668 | Lair:5   | Reached skill level 14 in Fighting
 26064 | Lair:5   | Found a staircase to the Slime Pits.
 26575 | Orc:1    | Entered Level 1 of the Orcish Mines
 26716 | Orc:2    | Entered Level 2 of the Orcish Mines
 26801 | Orc:2    | Noticed Jorgrun
 26814 | Orc:2    | Killed Jorgrun
 27159 | Orc:2    | Received a gift from Okawaru
 27932 | Orc:2    | Found Quclul's Jewellery Boutique.
 27936 | Orc:2    | Found Xyemn's Jewellery Emporium.
 27944 | Orc:2    | Found Ustryag's Book Emporium.
 27946 | Orc:2    | Found Lujier's Antique Armour Boutique.
 28650 | Orc:2    | Found a staircase to the Elven Halls.
 28724 | Elf:1    | Entered Level 1 of the Elven Halls
 29081 | D:13     | Bought the +2 pearl dragon scales "Jumiolor" {Rampage rF++
                  | rN+ Dex+5} for 1938 gold pieces
 30053 | Elf:1    | Received a gift from Okawaru
 31209 | Elf:1    | Got the Precepts of Concussion
 31887 | Abyss:2  | Cast into level 2 of the Abyss (a deep elf sorcerer)
 31951 | Abyss:2  | Noticed a tentacled starspawn
 31965 | Abyss:2  | Killed a tentacled starspawn
 32061 | Abyss:2  | Reached skill level 15 in Fighting
 32276 | Abyss:2  | Found a corrupted altar of Lugonu.
 32285 | Abyss:2  | Noticed a tentacled starspawn
 32298 | Abyss:2  | Killed a tentacled starspawn
 32299 | Abyss:2  | Reached XP level 17. HP: 25/142 MP: 30/30
 32331 | Abyss:3  | Found a corrupted altar of Lugonu.
 32350 | Abyss:3  | Received a gift from Okawaru
 32371 | Abyss:3  | Found a corrupted altar of Lugonu.
 32919 | Elf:2    | Escaped the Abyss
 33274 | Spider:1 | Entered Level 1 of the Spider Nest
 33348 | Spider:1 | Reached skill level 1 in Armour
 33388 | Spider:1 | Found a runed translucent gate.
 33388 | Spider:1 | Found a runed translucent gate.
 33389 | Spider:1 | Found a runed translucent gate.
 33399 | Spider:1 | Noticed Anonymone's ghost (journeyman DsVM)
 33764 | Spider:1 | Received a gift from Okawaru
 34691 | Spider:2 | Noticed Arachne
 34707 | Spider:2 | Killed Arachne
 34708 | Spider:2 | Reached skill level 16 in Fighting
 34969 | Spider:2 | Received a gift from Okawaru
 35100 | Spider:2 | Noticed Frances
 35108 | Spider:2 | Killed Frances
 35880 | Spider:3 | HP: 5/145 [demonic crawler (12)]
 36413 | Spider:3 | Reached skill level 5 in Armour
 36985 | Spider:3 | Received a gift from Okawaru
 37272 | Spider:3 | Gained mutation: You are mostly covered in sharp spines.
                  | [demonic ancestry]
 37272 | Spider:3 | Reached XP level 18. HP: 56/153 MP: 31/31
 37789 | Spider:4 | Entered Level 4 of the Spider Nest
 38389 | Spider:4 | Reached skill level 17 in Fighting
 38668 | Spider:4 | Reached ****** piety under Okawaru
 38799 | Spider:3 | Acquired a +3 heavy double sword
 38799 | Spider:3 | Received a gift from Okawaru
 38811 | Spider:3 | Acquired the +3 kite shield of Vanity {Regen+ Slay+3}
 38811 | Spider:3 | Received a gift from Okawaru
 38827 | Spider:3 | Acquired the ring "Nosteol" {rElec rPois rC+++ Str-4 Int+6}
 38830 | Spider:3 | Acquired 1042 gold pieces
 39326 | Spider:4 | Noticed Louise
 39334 | Abyss:3  | Found a corrupted altar of Lugonu.
 39334 | Abyss:3  | Cast into level 3 of the Abyss (Louise)
 39405 | Abyss:3  | Gained mutation: You are dopey. (Int -2) [a neqoxec]
 39541 | Abyss:3  | Found a corrupted altar of Lugonu.
 39592 | Abyss:3  | Received a gift from Okawaru
 39619 | Abyss:3  | Gained mutation: Your body sometimes deteriorates upon
                  | taking damage. [a neqoxec]
 39664 | Abyss:3  | Gained mutation: Armour fits poorly on your strangely
                  | shaped body. [a cacodemon]
 39666 | Spider:4 | Escaped the Abyss
 39675 | Spider:4 | Killed Louise
 39682 | Spider:4 | Lost mutation: Armour fits poorly on your strangely shaped
                  | body. [potion of mutation]
 39682 | Spider:4 | Lost mutation: Your body sometimes deteriorates upon taking
                  | damage. [potion of mutation]
 39682 | Spider:4 | Gained mutation: You are vulnerable to cold. (rC-) [potion
                  | of mutation]
 39682 | Spider:4 | Gained mutation: You are strong-willed. (Will+) [potion of
                  | mutation]
 39682 | Spider:4 | Gained mutation: You are robust. (+10% HP) [potion of
                  | mutation]
 39838 | Spider:4 | Got a gossamer rune of Zot
 39961 | Swamp:1  | Entered Level 1 of the Swamp
 40177 | Lair:2   | Received a gift from Okawaru
 40625 | Swamp:1  | Identified the +4 spear "Xugughaqakk" {spect, Str+4}
 40941 | Swamp:2  | Reached skill level 18 in Fighting
 40997 | Swamp:2  | Identified the serpent talisman of Abstinence {rC++ rCorr
                  | Slay-5}
 40997 | Swamp:2  | Noticed Aizul
 41011 | Swamp:2  | Killed Aizul
 41025 | Swamp:2  | Received a gift from Okawaru
 41127 | Swamp:2  | Gained mutation: Your hexes are more powerful. [demonic
                  | ancestry]
 41127 | Swamp:2  | Reached XP level 19. HP: 179/179 MP: 32/32
 41514 | Swamp:3  | Reached skill level 15 in Shields
 41880 | Swamp:4  | Entered Level 4 of the Swamp
 42032 | Swamp:4  | Received a gift from Okawaru
 42091 | Arena    | Entered the Arena
 42093 | Arena    | Reached skill level 10 in Armour
 42381 | Swamp:4  | Got the Guidebook on the Lethal Band
 42472 | Swamp:4  | Got a decaying rune of Zot
 42975 | Elf:2    | Reached skill level 15 in Long Blades
 43028 | Elf:2    | Received a gift from Okawaru
 43046 | Elf:2    | Reached skill level 19 in Fighting
 43179 | Elf:2    | Paralysed by a sphinx for 3 turns
 43258 | Elf:2    | Found a runed translucent gate.
 43260 | Elf:2    | Found a runed translucent gate.
 43260 | Elf:2    | Found a runed translucent gate.
 43602 | Elf:2    | Found Bixuoxeo's Assorted Antiques.
 43605 | Elf:2    | Bought a potion of resistance for 290 gold pieces
 43725 | Elf:2    | Received a gift from Okawaru
 44066 | Elf:2    | Gained mutation: You are completely covered in sharp
                  | spines. [demonic ancestry]
 44066 | Elf:2    | Reached XP level 20. HP: 163/191 MP: 33/33
 44350 | Elf:3    | Entered Level 3 of the Elven Halls
 44384 | Elf:3    | Received a gift from Okawaru
 44482 | Elf:3    | Paralysed by an air elemental for 1 turns
 44735 | Elf:3    | Reached skill level 20 in Fighting
 44763 | Elf:3    | Received a gift from Okawaru
 45093 | Elf:3    | Identified the ring of Ofiumu {Drain rC+ rN+ Will++}
 45118 | Elf:3    | Identified the +8 great mace "Urulelea" {pain, rC- Str+5}
 45443 | Vaults:1 | Entered Level 1 of the Vaults
 45538 | Vaults:1 | Received a gift from Okawaru
 46139 | Vaults:1 | Found Uvvey's Antique Weapon Shop.
 46711 | Vaults:2 | Found Wutsain's Armour Shop.
 46780 | Vaults:2 | Found Mytekatt's Jewellery Boutique.
 46916 | Vaults:2 | Identified the +6 whip of Gafoer {vamp, rC+ Str+2}
 46999 | Vaults:2 | Received a gift from Okawaru
 47071 | Vaults:2 | Noticed Asterion
 47083 | Vaults:2 | Killed Asterion
 47093 | Vaults:2 | HP: 7/195 [vault sentinel/+0 long sword[a vault warden]
                  | (6)]
 47244 | Vaults:2 | Found Ziry's Armour Shoppe.
 47247 | Vaults:2 | Found Ukone's General Store.
 47254 | Vaults:2 | Bought a scroll of fog for 76 gold pieces
 47254 | Vaults:2 | Bought a potion of heal wounds for 95 gold pieces
 47254 | Vaults:2 | Bought 3 scrolls of immolation for 228 gold pieces
 47273 | Vaults:2 | Found Veced's Weapon Emporium.
 47349 | Vaults:2 | Reached XP level 21. HP: 203/203 MP: 34/34
 47884 | Vaults:3 | Reached skill level 21 in Fighting
 47952 | Vaults:3 | Received a gift from Okawaru
 48128 | Vaults:3 | Got the Compilation of the Cooperative Cure
 48255 | Vaults:3 | Received a gift from Okawaru
 48369 | Vaults:3 | Found a staircase to the Crypt.
 48452 | Vaults:3 | Found Muafawn's Jewellery Shoppe.
 48723 | Vaults:3 | Paralysed by a formless jellyfish for 1 turns
 48811 | Vaults:3 | Reached skill level 5 in Throwing
 48894 | Vaults:3 | Received a gift from Okawaru
 49015 | Vaults:4 | Reached skill level 22 in Fighting
 49295 | Vaults:4 | Received a gift from Okawaru
 49312 | Vaults:4 | Acquired the +3 pair of gauntlets of War {Slay+5}
 49312 | Vaults:4 | Found the +3 pair of gauntlets of War {Slay+5}
 49326 | Vaults:4 | Acquired a manual of Evocations
 49445 | Vaults:4 | Reached skill level 1 in Evocations
 50212 | Crypt:1  | Entered Level 1 of the Crypt
 50344 | Crypt:1  | Reached XP level 22. HP: 217/217 MP: 35/35
 50536 | Crypt:1  | Reached skill level 23 in Fighting
 50546 | Crypt:1  | Received a gift from Okawaru
 50612 | Crypt:1  | Reached skill level 5 in Evocations
 52100 | Crypt:3  | Entered Level 3 of the Crypt
 52344 | Crypt:3  | Received a gift from Okawaru
 52358 | Crypt:3  | Identified the ring "Viubib" {+Blink rN+ Str+6 Int-3
                  | Slay+2}
 52358 | Crypt:3  | Identified the ring "Qodd" {rPois rF++ rN+ Str-4}
 52358 | Crypt:3  | Identified the ring of Molosa {rElec rN+ Str+2 Dex+3 SInv}
 52371 | Crypt:3  | Got the Secrets of Peccant Glaciation
 52375 | Crypt:3  | Identified the +0 morningstar of the Onslaught {heavy,
                  | rCorr Str-4 Int+2 SInv}
 52527 | Crypt:3  | Identified the ring "Cixeamoe" {rElec Will+ Int+3 SInv}
 52620 | Crypt:3  | Found a staircase to the Tomb.
 52644 | Crypt:3  | Identified the +0 ring mail "Inenlee" {Harm rElec SInv}
 52742 | Crypt:3  | Identified the +2 scale mail of Idealism {rN+++}
 52792 | Crypt:3  | Identified the +7 shortbow "Equobb" {freeze, Drain Str+3
                  | Dex+4}
 52983 | Crypt:3  | Reached skill level 24 in Fighting
 53114 | Crypt:3  | Found an ancient bone altar of Kikubaaqudgha.
 53116 | Crypt:3  | Noticed a dread lich
 53129 | Crypt:3  | Killed a dread lich
 53129 | Crypt:3  | Received a gift from Okawaru
 53130 | Crypt:3  | Reached skill level 10 in Evocations
 53223 | Crypt:3  | Found the +8 lance "Wyrmbane" {slay drac, rPois rF+ rC+
                  | AC+3}
 53247 | Crypt:3  | Noticed an ancient lich
 53254 | Crypt:3  | Killed an ancient lich
 53784 | Depths:1 | Entered Level 1 of the Depths
 53784 | Depths:1 | Found the +8 longbow "Zephyr" {speed, Dex+3 SInv}
 53961 | Depths:1 | Reached skill level 10 in Throwing
 54758 | Depths:1 | Found a gateway to Hell.
 54838 | Depths:1 | Found a one-way gate to the infinite horrors of the Abyss.
 54904 | Depths:2 | Found Elaag's Assorted Antiques.
 54905 | Depths:2 | Noticed Bai Suzhen
 54909 | Depths:2 | Killed Bai Suzhen
 54912 | Depths:2 | Gained mutation: Your melee attacks may debilitate your
                  | foes. [demonic ancestry]
 54912 | Depths:2 | Reached XP level 23. HP: 231/231 MP: 36/36
 54920 | Depths:2 | Bought a potion of resistance for 370 gold pieces
 54937 | Depths:2 | Received a gift from Okawaru
 55070 | Depths:2 | Found a one-way gate leading to the halls of Pandemonium.
 55513 | Depths:2 | Noticed a caustic shrike
 55538 | Depths:2 | Killed a caustic shrike
 55547 | Depths:2 | Received a gift from Okawaru
 55660 | Depths:2 | Identified the +1 mace "Goblinslayer" {antimagic, rPois rF-
                  | rN+++ rCorr Dex-5}
 55993 | Depths:2 | Found a shimmering blue altar of Sif Muna.
 56156 | Depths:3 | Found the +8 autumn katana {manifold assault}
 56184 | Depths:3 | Received a gift from Okawaru
 56225 | Depths:3 | Found a bloodstained altar of Trog.
 56503 | Depths:3 | Found a one-way gateway to a ziggurat.
 56575 | Depths:3 | Reached skill level 25 in Fighting
 56926 | Depths:3 | Received a gift from Okawaru
 56940 | Depths:3 | Found a broken altar of Ashenzari.
 57190 | Depths:4 | Entered Level 4 of the Depths
 57281 | Depths:4 | Noticed Margery
 57290 | Depths:4 | Killed Margery
 57301 | Depths:4 | Noticed Sojobo
 57406 | Depths:4 | Killed Sojobo
 57663 | Depths:4 | Received a gift from Okawaru
 57670 | Depths:4 | Reached skill level 15 in Evocations
 57704 | Depths:4 | Reached XP level 24. HP: 131/243 MP: 36/36
 57830 | Depths:4 | Noticed Saint Roka
 57845 | Depths:4 | Killed Saint Roka
 58101 | Depths:4 | Noticed Vv
 58391 | Depths:4 | Killed Vv
 58588 | Depths:4 | Found a gate to the Realm of Zot.
 58591 | Depths:4 | Received a gift from Okawaru
 58843 | Depths:3 | Voluntarily entered the Abyss.
 59035 | Abyss:4  | Found a corrupted altar of Lugonu.
 59236 | Abyss:4  | Reached skill level 26 in Fighting
 59241 | Depths:3 | Escaped the Abyss
 59243 | Depths:3 | Voluntarily entered the Abyss.
 59356 | Abyss:4  | Found a corrupted altar of Lugonu.
 59414 | Abyss:4  | Got an abyssal rune of Zot
 59460 | Abyss:5  | Received a gift from Okawaru
 59478 | Depths:3 | Escaped the Abyss
 59725 | Zot:1    | Entered Level 1 of the Realm of Zot
 59876 | Zot:1    | Found the +4 dragonskin cloak
 59876 | Zot:1    | Noticed Tiamat
 59905 | Zot:1    | Killed Tiamat
 60099 | Zot:1    | Noticed Dommouf's ghost (veteran OgBe)
 60158 | Zot:1    | Found a runed translucent door.
 60185 | Zot:1    | Received a gift from Okawaru
 60841 | Zot:2    | Identified the +0 robe of Zawk {*Slow Fly rC+ MP+9}
 61293 | Zot:2    | Learned a level 2 spell: Blink
 61315 | Zot:2    | Identified the +2 quarterstaff "Palar" {drain, *Rage
                  | Fragile +Blink Str+7}
 61518 | Zot:3    | Received a gift from Okawaru
 61743 | Zot:3    | Reached XP level 25. HP: 213/255 MP: 36/36
 61788 | Zot:3    | Noticed a Killer Klown
 61942 | Zot:3    | Killed a Killer Klown
 62687 | Zot:3    | Received a gift from Okawaru
 63157 | Zot:4    | Noticed a Killer Klown
 63182 | Zot:4    | Killed a Killer Klown
 63201 | Zot:4    | Reached skill level 27 in Fighting
 63201 | Zot:4    | Reached skill level 15 in Dodging
 63398 | Zot:4    | Reached skill level 15 in Armour
 63608 | Zot:4    | Received a gift from Okawaru
 64082 | Zot:5    | Entered Level 5 of the Realm of Zot
 64261 | Zot:5    | Noticed a Killer Klown
 64271 | Zot:5    | Killed a Killer Klown
 64370 | Zot:5    | Received a gift from Okawaru
 64790 | Zot:5    | Noticed an orb of fire
 64797 | Zot:5    | Noticed a Killer Klown
 64798 | Zot:5    | Gained mutation: You occasionally shout uncontrollably at
                  | your foes. [an orb of fire]
 64803 | Zot:5    | Lost mutation: You are robust. (+10% HP) [an orb of fire]
 64803 | Zot:5    | Noticed a dread lich
 64804 | Zot:5    | Killed an orb of fire
 64818 | Zot:5    | Killed a dread lich
 64823 | Zot:5    | Killed a Killer Klown
 64823 | Zot:5    | Received a gift from Okawaru
 64948 | Zot:5    | Noticed an orb of fire
 64955 | Zot:5    | Noticed an orb of fire
 64957 | Zot:5    | Gained mutation: You are vulnerable to heat. (rF-) [an orb
                  | of fire]
 64959 | Zot:5    | Noticed a Killer Klown
 64961 | Zot:5    | Gained mutation: Your body sometimes deteriorates upon
                  | taking damage. [an orb of fire]
 64963 | Zot:5    | Killed an orb of fire
 64965 | Zot:5    | Noticed an orb of fire
 64966 | Zot:5    | Gained mutation: You have large cloven feet. [an orb of
                  | fire]
 64966 | Zot:5    | Noticed an orb of fire
 64973 | Zot:5    | Killed a Killer Klown
 64977 | Zot:5    | Gained mutation: Your body often deteriorates upon taking
                  | damage. [an orb of fire]
 64980 | Zot:5    | Killed an orb of fire
 64981 | Zot:5    | Gained mutation: You are surrounded by an aura of silence.
                  | [demonic ancestry]
 64981 | Zot:5    | Reached XP level 26. HP: 72/242 MP: 36/36
 64986 | Zot:5    | Noticed a dread lich
 64994 | Zot:5    | Killed a dread lich
 64997 | Zot:5    | Received a gift from Okawaru
 65013 | Zot:5    | Gained mutation: Your spells are a little easier to cast,
                  | but a little less powerful. [an orb of fire]
 65014 | Zot:5    | Gained mutation: Your skin changes colour to match your
                  | surroundings (Stealth+). [an orb of fire]
 65018 | Zot:5    | Killed an orb of fire
 65020 | Zot:5    | Gained mutation: Your magical capacity is low. (-10% MP)
                  | [an orb of fire]
 65030 | Zot:5    | Killed an orb of fire
 65209 | Zot:5    | Got the Orb of Zot
 65218 | Zot:5    | Noticed Xuevut the pandemonium lord
 65817 | D:$      | Escaped with the Orb!

Illustrated notes

Levels and vault maps discovered:
D:1:      matt_arrival_los_fun, layout_basic, minmay_tripent
D:2:      layout_loops_ring, shapermc_ecumenical_altar_mp_urbaneastern,
          minmay_misc_feat_rows
D:3:      layout_rooms, nicolae_uskayaw_dance_hall
D:4:      layout_basic, mainiacjoe_overflow_surrounded_room
D:5:      minmay_razor_zed, layout_rooms,
          mainiacjoe_overflow_concentric_impassable
D:6:      layout_loops_corners, uniq_prince_ribbit1
D:7:      layout_loops_corners, lightli_temple_of_fire,
          nemelex_dance_club_becter, temple_green
D:8:      minmay_bloctagon_deflated, layout_layer_cave, uniq_grum, uniq_joseph,
          uniq_gastronok
D:9:      dragon1_lemuel, layout_grid_maze, grunt_qazlal_sundering,
          nicolae_shop_clearance
D:10:     layout_basic, trog_hazing_becter, david_lair_generic, serial_shops,
          nicolae_shop_advertising_works [nicolae_subvault_shop_adworks],
          grunt_ogre_cave
D:11:     layout_irregular_city, david_orc_4, serial_shops,
          nicolae_shop_pleasant_corner_grove, uniq_fannar
D:12:     layout_basic, portal_ice_cave_demonic_guard
D:13:     kennysheep_demon_hangout, layout_rooms,
          hellmonk_vaults_order_and_chaos, nicolae_shop_dragon_depot
D:14:     wad_river_or_something, layout_irregular_city,
          nicolae_trove_entry_crystal, nicolae_shop_fire_sale
          [nicolae_sub_dead_trees]
D:15:     gammafunk_enter_depths_forms, layout_basic
Lair:1:   layout_cave_pods, serial_bayou_shore_a
Lair:2:   hellmonk_ruined_rings, layout_regular_city,
          nicolae_swamp_entry_spooky, st_stairs_7, serial_bayou_pond_a,
          minivault_26
Lair:3:   layout_loops_ring, dummy_spider_entry, st_stairs_12
Lair:4:   layout_long_grid, basic_altar, ebering_ghost_disaster_area,
          gauntlet_entry_generic
Lair:5:   gammafunk_lair_ancient_temple, layout_misc_corridors,
          nicolae_slime_entry_field_trip, gammafunk_ghost_cemetery
Swamp:1:  layout_basic_swamp, evilmike_swamp_ruin_rubble_2
Swamp:2:  layout_basic_swamp, nicolae_swamp_fairy_circle, swamp_pool_4,
          uniq_aizul
Swamp:3:  layout_basic_swamp, evilmike_swamp_ruin_house_2
Swamp:4:  swamp_alternative, layout_basic_swamp
Spider:1: layout_spider_delve, gammafunk_ghost_tricky_traps
Spider:2: layout_spider_delve, drop_trap, uniq_arachne, uniq_frances
Spider:3: layout_cave_pods, nicolae_spider_undead_wolf_pack
Spider:4: spider_rune_water, guppyfry_hornet_nest, uniq_louise
Orc:1:    layout_caves
Orc:2:    st_orc_elflike, layout_diamond_mine, uniq_jorgrun
Elf:1:    elf_arrival_001, layout_loops_corners, minmay_elf_annihilation
Elf:2:    nicolae_elf_blades_crystal_corner, layout_loops_corners, serial_shops,
          nicolae_shop_real_fake_doors, special_room [special_room_mythical_zoo]
Elf:3:    elf_hall, layout_rooms
Vaults:1: nicolae_vaults_tetromino_Z_1, nicolae_vaults_variable_pillar_hall,
          vaults_dpeg_ring, grunt_vaults_diagonal, nicolae_vaults_trapezoid_3,
          nicolae_vaults_spaceships, vaults_dpeg_encased_lava,
          vaults_standard_mumra_enter_the_diamond, layout_vaults_omnigrid,
          serial_shops, shop
Vaults:2: nicolae_vaults_trapezoid_lopsided_4, ontoclasm_vaults_eye,
          vaults_room_fours, nicolae_vaults_network_periphery,
          hangedman_vaults_capsules, ontoclasm_vaults_idyll,
          grunt_vaults_funnel, ontoclasm_vaults_fault, v_misc_14,
          nicolae_vaults_murder_corner, hangedman_vaults_trim, v_misc_8,
          vaults_room_door_ring, layout_vaults_maze_snakey, serial_shops,
          nicolae_shop_statue_plus, nicolae_lakefront_shop, nicolae_shop_trees,
          shop, nicolae_shop_trees, uniq_asterion
Vaults:3: nicolae_vaults_library_corner, nicolae_vaults_little_squares_5,
          nicolae_vaults_hallways_thing, minmay_crypt_entry_nasty_monster,
          nicolae_vaults_two_Ls, nicolae_vaults_mini_display_case,
          ontoclasm_vaults_gateway, v_misc_29, hangedman_vaults_slice,
          vaults_room_semicircle, nicolae_vaults_trapezoid_layered,
          nicolae_vaults_house_1, minmay_orc_keep, layout_vaults_omnicross,
          serial_shops, shop_statue
Vaults:4: nicolae_vaults_what_the_h, nicolae_vaults_network_s,
          hangedman_vaults_nails, grunt_vaults_hallway_long,
          nicolae_vaults_angled_halls, nicolae_vaults_stepped_doors,
          nicolae_vaults_trapezoid_lopsided_2, grunt_vaults_twisty,
          v_alt_pattern_2, nicolae_vaults_shipping_containers_4,
          nicolae_vaults_little_squares_6, grunt_vaults_hallway_long,
          nicolae_vaults_house_1, layout_vaults_ring
Crypt:1:  layout_misc_corridors, grunt_crypt_arrival_guarded_gate,
          grunt_megastairs_4
Crypt:2:  layout_catacombs, lemuel_upstairs_altar
Crypt:3:  quadcrypt_mu
Depths:1: layout_gridlike, hangedman_geh_valley, abyss_entry_small_statue_room,
          grunt_decor_arrowhead, minmay_misc_feat_pillars,
          serial_bayou_crossing, grunt_megastairs_3
Depths:2: evilmike_hourglass, layout_basic, serial_shops,
          nicolae_shop_overgrown_old_shop, grunt_hell_entry_dis_grunt,
          grunt_pan_entry_spiral, serial_library_hellmonk_statue_hall,
          uniq_bai_suzhen
Depths:3: minmay_bubble_buster, layout_gridlike, enter_ziggurat_a, hell_entry,
          hangedman_abyss_entry_splay, evilmike_ruin_ashenzari,
          minmay_misc_feat_nine_boxes, evilmike_spriggan_trog_shrine
Depths:4: grunt_zot_entry_alcove, layout_basic, grunt_pan_entry_in_and_out,
          hell_entry, nicolae_triple_integral, uniq_sojobo, uniq_saint_roka,
          uniq_vv, uniq_margery
Zot:1:    layout_onion_interference, regret_index_zotdec_bone_old,
          hellmonk_ghost_big_iron, hangedman_zot_decor_slant, uniq_tiamat
Zot:2:    layout_concentric_octagons, basic_altar, regret_index_zotdec_dark_gr
Zot:3:    layout_cathedral_of_symmetry
Zot:4:    layout_gridlike
Zot:5:    layout_basic

Skill      XL: |  1  2  3  4  5  6  7  8  9 10 11 12 13 14 15 16 17 18 19 20 21 22 23 24 25 26 |
---------------+-------------------------------------------------------------------------------+-----
Throwing       | 2 7 10 12 14 | 14.1
Long Blades    | 3 4 5 6 7 8 9 10 11 12 14 15 16 | 16.0
Dodging        | 3 4 5 6 7 8 9 10 11 12 13 14 16 17 | 17.4
Fighting       | 3 4 5 6 7 8 9 11 12 13 15 16 18 19 20 22 24 25 26 27 | 27.0
Invocations    | 1 2 4 6 8 10 11 13 15 16 18 | 18.0
Shields        | 1 3 4 6 8 10 11 13 14 15 | 15.0
Armour         | 5 9 10 12 13 14 16 17 | 17.2
Evocations     | 3 11 15 | 15.0

Action                     |  1- 3 |  4- 6 |  7- 9 | 10-12 | 13-15 | 16-18 | 19-21 | 22-24 | 25-27 || total
---------------------------+-------+-------+-------+-------+-------+-------+-------+-------+-------++-------
  Melee: Long sword        |    81 |   100 |    56 |   755 |  1065 |  1683 |       |       |       ||  3740
         Headbutt          |       |    14 |    56 |   212 |   321 |   705 |   374 |   383 |   157 ||  2222
         Falchion          |       |       |   192 |    12 |     5 |    27 |    73 |       |       ||   309
         Punch             |       |       |     7 |     1 |       |       |       |       |       ||     8
         Double sword      |       |       |       |       |       |   382 |  1163 |  1274 |   428 ||  3247
  Throw: Dart              |       |     3 |     1 |    14 |       |       |       |       |       ||    18
         Boomerang         |       |     1 |       |       |     4 |    16 |     5 |     5 |     7 ||    38
         Throwing net      |       |       |       |       |     1 |       |       |       |       ||     1
         Javelin           |       |       |       |       |       |       |     1 |    46 |       ||    47
 Invoke: Heroism           |       |       |     5 |    12 |    10 |     4 |       |       |       ||    31
         Finesse           |       |       |       |     3 |     3 |     3 |     1 |     2 |     1 ||    13
         Receive Weapon    |       |       |       |       |       |     1 |       |       |       ||     1
         Receive Armour    |       |       |       |       |       |     1 |       |       |       ||     1
         Duel              |       |       |       |       |       |       |     1 |       |       ||     1
  Evoke: Wand              |       |       |       |     8 |       |     4 |       |     1 |     5 ||    18
    Use: Scroll            |       |       |     4 |    15 |    10 |    22 |     7 |     7 |     6 ||    71
         Potion            |       |       |       |     1 |     2 |     8 |       |     5 |     5 ||    21
   Stab: Sleeping          |     1 |     2 |     2 |     1 |       |     1 |       |       |       ||     7
         Held in net/web   |       |       |       |       |     1 |       |       |       |       ||     1
         Invisible         |       |       |       |       |     4 |     3 |       |       |       ||     7
         Distracted        |       |       |       |       |       |     2 |       |     2 |       ||     4
         Confused          |       |       |       |       |       |     1 |       |       |       ||     1
 Armour: Leather armour    |    34 |    53 |   114 |       |       |       |       |       |       ||   201
         Ring mail         |       |       |    44 |   376 |   512 |   139 |       |       |       ||  1071
         Quicksilver drago |       |       |       |       |       |    84 |       |       |       ||    84
         Pearl dragon scal |       |       |       |       |       |   752 |   852 |  1141 |   465 ||  3210
  Dodge: Dodged            |    44 |    64 |   194 |   538 |   647 |   770 |   610 |   802 |   300 ||  3969
  Block: Buckler           |       |       |       |   229 |   269 |       |       |       |       ||   498
         Kite shield       |       |       |       |       |   368 |  2596 |  1749 |  1737 |   619 ||  7069
         Reflection        |       |       |       |       |     3 |    48 |   105 |    17 |     3 ||   176

Table legend: (Time is in decaauts)
 A = Elapsed time spent in this place.
 B = Non-inter-level travel time spent in this place.
 C = Inter-level travel time spent in this place.
 D = Time resting spent in this place.
 E = Time spent auto-exploring this place.
 F = Levels seen in this place.
 G = Mean time per level.
                   A        B        C        D        E       F      G
               +--------+--------+--------+--------+--------+-----+--------+
         Total |  65698 |  62453 |   3245 |  14087 |  31857 |  59 | 1113.5 |
       Dungeon |  19186 |  18035 |   1151 |   4547 |   9640 |  15 | 1279.1 |
          Lair |   6666 |   6348 |    318 |   1360 |   3580 |   5 | 1333.2 |
         Swamp |   2367 |   2223 |    144 |    291 |   1378 |   4 |  591.8 |
   Spider Nest |   6162 |   6001 |    161 |   1948 |   2477 |   4 | 1540.5 |
  Orcish Mines |   2590 |   2072 |    518 |    651 |    955 |   2 | 1295.0 |
   Elven Halls |   5215 |   4922 |    293 |   1767 |   1648 |   3 | 1738.3 |
        Vaults |   4939 |   4708 |    231 |    389 |   3214 |   4 | 1234.8 |
         Crypt |   3669 |   3566 |    103 |    102 |   2554 |   3 | 1223.0 |
        Depths |   5483 |   5245 |    238 |    617 |   3474 |   4 | 1370.8 |
           Zot |   5719 |   5636 |     83 |   1242 |   2596 |   5 | 1143.8 |
         Abyss |   1918 |   1918 |      0 |    626 |      0 |   7 |  274.0 |
      Ice Cave |   1285 |   1285 |      0 |    478 |    340 |   1 | 1285.0 |
      Gauntlet |    477 |    477 |      0 |     53 |      0 |   1 |  477.0 |
         Arena |     17 |     17 |      0 |     14 |      0 |   1 |   17.0 |
               +--------+--------+--------+--------+--------+-----+--------+

Top non-repeatable levels by time:
   Elf:1: 2940 daAuts
Spider:3: 2560 daAuts
    D:15: 2224 daAuts
   Orc:2: 2135 daAuts
    D:14: 2022 daAuts
Depths:4: 1673 daAuts
Spider:4: 1580 daAuts
    D:11: 1578 daAuts
 Crypt:3: 1497 daAuts
  Lair:5: 1487 daAuts
  Lair:1: 1467 daAuts
    D:13: 1447 daAuts
     D:8: 1415 daAuts
   Zot:3: 1415 daAuts
Depths:3: 1408 daAuts
